 Dungeon Crawl Stone Soup version 0.30-a0-696-g2367cd04db (webtiles) character file.

Game seed: 7732537170538313172

12863 themarg the Spear-Bearer (level 11, -5/138 (142) HPs)
             Began as a Merfolk Gladiator on Jan 20, 2023.
             Was an Elder of Ru.
             Slain by a blink frog (8 damage)
             ... on level 2 of the Lair of Beasts.
             The game lasted 00:38:07 (12104 turns).

themarg the Spear-Bearer (Merfolk Gladiator)       Turns: 12104, Time: 00:38:08

HP:   -5/138 (142)  AC: 29    Str: 18    XL:     11   Next: 0%
MP:   7/11          EV:  2    Int:  9    God:    Ru [****..]
Gold: 611           SH:  0    Dex: 15    Spells: 10/10 levels left

rFire   . . .      SeeInvis .    (no weapon)
rCold   + . .      Faith    +    (no shield)
rNeg    . . .      Spirit   .    (body armour currently unavailable)
rPois   +          Reflect  .    (helmet currently unavailable)
rElec   .          Harm     .    (cloak currently unavailable)
rCorr   .          Rampage  .    (gloves currently unavailable)
Will    .....      NoTele   +    (boots currently unavailable)
Stlth   ++                       x - amulet of faith
HPRegen 0.43/turn                h - +4 ring of protection
MPRegen 0.12/turn                v - ring of protection from cold

@: lethally poisoned (-5 -> -14), tree-form, extremely horrified, lightly
drained
A: stationary, stasis, torment immunity, boosted hp, cowardly, no fire magic, no
hexes magic, no necromancy magic, disrupted magic 2, inexperienced 1, (nimble
swimmer 2), (mertail)
a: Renounce Religion, Draw Out Power, Power Leap


You were on level 2 of the Lair of Beasts.
You worshipped Ru.
Ru was greatly pleased with you.
You were a tree.
You visited 2 branches of the dungeon, and saw 13 of its levels.

You collected 611 gold pieces.

Inventory:

Hand Weapons
 a - a +1 heavy spear
 b - a +1 scimitar of flaming
 X - a +1 dagger of distortion
Missiles
 d - 7 throwing nets
 e - a javelin
 g - 112 stones (quivered)
 C - 17 boomerangs
 O - 19 poisoned darts
 V - 5 curare-tipped darts
Armour
 c - a +0 helmet (melded)
 t - +0 fire dragon scales (melded)
 y - a +0 pair of gloves of stealth (melded)
 B - a +0 cloak of stealth (melded)
Jewellery
 h - a +4 ring of protection (left branch)
 m - a ring of ice
 o - the Hermit's Pendant {Faith Invo=14 Evo=0 MP+5}
   (You found it on level 8 of the Dungeon)

   [amulet of faith]

   Invo=14: It sets your Invocations skill to 14.
   Evo=0: It sets your Evocations skill to 0.
   It allows you to gain divine favour quickly.
   MP:        It affects your magic capacity (+5).
 v - a ring of protection from cold (right branch)
 x - an amulet of faith (around neck)
 J - a +5 ring of evasion
 K - a +6 ring of dexterity
 M - an amulet of guardian spirit
 S - a ring of wizardry
 T - a ring of willpower
 U - a +6 ring of intelligence
Wands
 D - a wand of charming (9)
 E - a wand of iceblast (4)
Scrolls
 f - 2 scrolls of enchant armour {unknown}
 i - a scroll of enchant weapon {unknown}
 j - a scroll of vulnerability
 k - 2 scrolls of amnesia {unknown}
 l - 6 scrolls of teleportation
 s - 4 scrolls of poison
 A - 5 scrolls of fog
 H - 4 scrolls of magic mapping {unknown}
 I - a scroll of blinking {unknown}
 Q - 2 scrolls of noise {unknown}
Potions
 n - 2 potions of lignification
 p - 3 potions of magic
 q - 4 potions of brilliance
 r - 3 potions of mutation
 u - 2 potions of berserk rage
 w - a potion of attraction {unknown}
 z - 2 potions of curing {unknown}
 F - a potion of degeneration {unknown}
 G - 3 potions of cancellation {unknown}
 L - 5 potions of haste
 P - 2 potions of resistance {unknown}
 R - 3 potions of flight {unknown}
 W - a potion of might {unknown}


   Skills:
 - Level 12.0 Fighting
 - Level 12.0 Polearms
 - Level 2.0 Throwing
 + Level 7.9 Armour
 - Level 8.0 Dodging
 - Level 3.0 Stealth
 - Level 5.0 Evocations


You had 10 spell levels left.
You didn't know any spells.
Your spell library contained the following spells:

 Spells                   Type           Power      Damage    Failure   Level
 Blink                    Tloc           0%         N/A       69%         2
 Lesser Beckoning         Tloc           0%         N/A       69%         2
 Momentum Strike          Conj/Tloc      0%         3d8       69%         2
 Olgreb's Toxic Radiance  Pois           0%         N/A       99%         4
 Passage of Golubria      Tloc           0%         N/A       99%         4
 Ozocubu's Refrigeration  Ice            0%         4d7       100%        7
 Lehudib's Crystal Spear  Conj/Erth      0%         10d2      100%        8
 Kiss of Death            Conj/Necr      Unusable   2d5       N/A         1
 Confusing Touch          Hex            Unusable   N/A       N/A         3
 Tukima's Dance           Hex            Unusable   N/A       N/A         3
 Dispel Undead            Necr           Unusable   3d6       N/A         4
 Silence                  Hex/Air        Unusable   N/A       N/A         5
 Yara's Violent Unravell  Hex/Tmut       Unusable   3d3       N/A         5
 Ignition                 Fire           Unusable   3d3       N/A         8

Dungeon Overview and Level Annotations

Branches:
Dungeon (11/15)            Temple (0/1) D:5            Lair (2/5) D:9
    Orc (0/2) D:10
  Swamp: Lair:2-3    Shoals: Lair:2-3     Snake: Lair:2-3    Spider: Lair:2-3

Altars:
Ashenzari
Elyvilon
Fedhas
Makhleb
Nemelex Xobeh
Okawaru
Qazlal
Ru
Trog
Uskayaw
Wu Jian
Xom
Yredelemnul
Zin

Shops:
D:5 [


Innate Abilities, Weirdness & Mutations

You are a tree.
Your roots penetrate the ground, keeping you stationary.
You cannot be teleported.
You are immune to unholy pain and torment.
Your maximum health is greatly increased.
Your equipment is partially melded.
Your cowardice makes you less effective in combat with threatening foes.
You cannot study or cast Fire magic.
You cannot study or cast Hexes magic.
You cannot study or cast Necromancy magic.
Your casting is disrupted.
You are somewhat inexperienced. (-1 XL)
((You are very nimble when in or above water. (Stealth+, EV+, Speed+++)))
((Your lower body shifts to a powerful aquatic tail in water.))


Message History

Welcome back to level 11!
Really quaff the potion of lignification?
You turn into a tree.
Your +0 cloak of stealth melds into your body.
Your +0 helmet melds into your body.
Your +0 pair of gloves of stealth melds into your body.
Your +0 fire dragon scales melds into your body.
You feel less stealthy. x2; Your roots penetrate the ground.
* * * LOW HITPOINT WARNING * * *
You feel very sick. The blink frog hits you!
* * * LOW HITPOINT WARNING * * *
The cane toad barely misses you.
The blink frog hits you but does no damage.
Okay, then.
You feel much better.
You feel very sick.
The blink frog hits you but does no damage. x2
You reel with horror at the sight of these foes!
Okay, then.
You are now empty-handed.
You feel sick.
The blink frog hits you but does no damage. x2
The cane toad stings you but does no damage.
You hit the cane toad but do no damage.
You feel less exhausted.
You feel very sick. The blink frog hits you.
* * * LOW HITPOINT WARNING * * *
The blink frog hits you but does no damage.
The blink frog barely misses you. The cane toad stings you.
* * * LOW HITPOINT WARNING * * *
The blink frog hits you but does no damage.
You hit the cane toad but do no damage.
You feel very sick.
The blink frog begins to attack, but is stunned by your conviction!
The blink frog hits you but does no damage.
The cane toad stings you!
* * * LOW HITPOINT WARNING * * *
The blink frog hits you!
You die...

##
#P#.##F######
......F♣F...##
#..#.#F##.#..#
... ###.##
....P #F#
...PP.. ...
#.....# ....
#..### #P.§##
... .....
.###.


You could see a cane toad and 3 blink frogs.

Vanquished Creatures
  Harold (D:11)
  Erica (D:9)
  2 two-headed ogres
  Sonja (D:11)
  Pikel (D:7)
  A manticore (D:11)
  A gargoyle (D:11)
  2 kobold demonologists (D:9)
  2 trolls (D:10)
  A blink frog (Lair:2)
  2 shadows
  8 yaks
  2 wraiths
  A wyvern (D:9)
  7 vampire mosquitoes
  Menkaure (D:5)
  An acid dragon (D:11)
  4 water moccasins
  2 sky beasts
  3 orc warriors
  An ice beast (D:7)
  An ogre (D:7)
  2 phantoms
  2 lemures (D:7)
  5 kobold brigands
  4 bullfrogs
  A necrophage (D:5)
  3 scorpions
  12 wights
  7 killer bees (D:9)
  A howler monkey (D:6)
  A jelly (D:7)
  A gnoll bouda (D:8)
  10 orc priests
  6 hounds
  Crazy Yiuf (D:3)
  7 iguanas
  Ijyb (D:4)
  2 hell rats (Lair:1)
  14 orc wizards
  6 gnolls
  4 adders
  A shadow imp (D:5)
  2 white imps
  A worm (D:4)
  6 dart slugs
  43 orcs
  8 ball pythons
  9 endoplasms
  7 giant cockroaches
  16 goblins
  11 hobgoblins
  27 kobolds
  8 quokkas
  5 bats
  4 frilled lizards
  7 rats
  A spectral orc (D:3)
292 creatures vanquished.

Vanquished Creatures (others)
  A troll (D:9)
  A yak (D:9)
  A gnoll (D:6)
  An orc (D:7)
  A kobold (D:9)
  2 fungi (D:9)
  3 plants (D:9)
10 creatures vanquished.

Grand Total: 302 creatures vanquished

Notes
Turn   | Place    | Note
-------+----------+-------------------------------------------
     0 | D:1      | themarg the Merfolk Gladiator began the quest for the Orb.
     0 | D:1      | Reached XP level 1. HP: 16/16 MP: 1/1
    71 | D:1      | Reached XP level 2. HP: 20/23 MP: 2/2
   320 | D:1      | Reached XP level 3. HP: 29/29 MP: 3/3
   616 | D:2      | Reached skill level 5 in Polearms
   834 | D:2      | Reached XP level 4. HP: 33/37 MP: 4/4
  1569 | D:3      | Found a stormy altar of Qazlal.
  1616 | D:3      | Found a basalt altar of Yredelemnul.
  1871 | D:3      | Found a faded altar of an unknown god.
  1886 | D:3      | Prayed at the altar of an unknown god.
  1886 | D:3      | Became a worshipper of Ru the Awakened
  1909 | D:3      | Gained mutation: You cannot study or cast Fire magic. [Ru
                  | sacrifice]
  1909 | D:3      | Gained mutation: You cannot study or cast Hexes magic. [Ru
                  | sacrifice]
  1909 | D:3      | Gained mutation: You cannot study or cast Necromancy magic.
                  | [Ru sacrifice]
  1909 | D:3      | Reached * piety under Ru
  1987 | D:3      | Found a runed translucent door.
  1988 | D:3      | Noticed Crazy Yiuf
  1999 | D:3      | Killed Crazy Yiuf
  2000 | D:3      | Reached skill level 5 in Fighting
  2000 | D:3      | Reached XP level 5. HP: 35/44 MP: 5/5
  2224 | D:4      | Noticed Ijyb
  2361 | D:4      | Reached XP level 6. HP: 34/53 MP: 6/6
  2943 | D:4      | Killed Ijyb
  2952 | D:4      | Reached XP level 7. HP: 38/60 MP: 7/7
  3409 | D:4      | Found an ornate altar of the Wu Jian Council.
  3576 | D:5      | Entered Level 5 of the Dungeon
  3605 | D:5      | Noticed Menkaure
  3620 | D:5      | Killed Menkaure
  3817 | D:5      | Reached XP level 8. HP: 65/72 MP: 8/8
  3937 | D:5      | Reached skill level 10 in Fighting
  4147 | D:5      | Found a sparkling altar of Nemelex Xobeh.
  4168 | D:5      | Found a staircase to the Ecumenical Temple.
  4252 | D:5      | Gained mutation: Your cowardice makes you less effective in
                  | combat with threatening foes. [Ru sacrifice]
  4252 | D:5      | Reached ** piety under Ru
  4362 | D:5      | Found Elucuro's Antique Armour Shoppe.
  4507 | D:6      | Found a broken altar of Ashenzari.
  5299 | D:6      | Reached XP level 9. HP: 64/78 MP: 9/9
  5683 | D:7      | Reached skill level 10 in Polearms
  6308 | D:7      | Found a hide-covered altar of Uskayaw.
  6375 | D:7      | Noticed Pikel
  6422 | D:7      | Killed Pikel
  6423 | D:7      | Reached skill level 5 in Dodging
  6668 | D:8      | Found the Hermit's Pendant {Faith Invo=14 Evo=0 MP+5}
  6674 | D:8      | Reached XP level 10. HP: 85/85 MP: 10/10
  6992 | D:8      | Found a blossoming altar of Fedhas.
  7190 | D:8      | Found a glowing silver altar of Zin.
  7603 | D:9      | Gained mutation: Your casting is slightly disrupted. [Ru
                  | sacrifice]
  7607 | D:9      | Noticed Erica
  7624 | D:9      | Killed Erica
  7625 | D:9      | Reached skill level 1 in Evocations
  7678 | D:9      | Found a staircase to the Lair.
  7842 | D:9      | Noticed a kobold demonologist
  7882 | D:9      | Noticed an orange demon
  8054 | D:9      | Noticed a kobold demonologist
  8063 | D:9      | Killed a kobold demonologist
  8114 | D:9      | Noticed a sun demon
  8122 | D:9      | Killed a kobold demonologist
  8123 | D:9      | Reached skill level 5 in Armour
  8546 | D:9      | Noticed a two-headed ogre
  8551 | D:9      | Killed a two-headed ogre
  8636 | D:9      | Reached XP level 11. HP: 90/93 MP: 11/11
  8804 | D:9      | Reached skill level 5 in Evocations
  8922 | D:9      | Reached skill level 1 in Stealth
  9243 | D:10     | Entered Level 10 of the Dungeon
  9758 | D:10     | Found a white marble altar of Elyvilon.
  9862 | D:10     | Found an iron altar of Okawaru.
  9896 | D:10     | Found a bloodstained altar of Trog.
  9914 | D:10     | Gained mutation: Your casting is disrupted. [Ru sacrifice]
  9914 | D:10     | Reached *** piety under Ru
 10255 | D:10     | Found an ancient bone altar of Kikubaaqudgha.
 10257 | D:10     | Found a burning altar of Makhleb.
 10257 | D:10     | Found an iron altar of Okawaru.
 10259 | D:10     | Found a stormy altar of Qazlal.
 10259 | D:10     | Found a shimmering altar of Xom.
 10259 | D:10     | Found a glowing silver altar of Zin.
 10382 | D:10     | Found a staircase to the Orcish Mines.
 10726 | D:11     | Noticed Harold
 11075 | D:11     | Noticed a manticore
 11094 | D:11     | Killed a manticore
 11169 | D:11     | Noticed a two-headed ogre
 11179 | D:11     | Killed a two-headed ogre
 11443 | D:11     | Gained mutation: You are somewhat inexperienced. (-1 XL)
                  | [Ru sacrifice]
 11443 | D:11     | Reached XP level 10. HP: 89/89 MP: 10/10
 11443 | D:11     | Reached **** piety under Ru
 11517 | D:11     | Noticed Sonja
 11519 | D:11     | Killed Sonja
 11635 | D:11     | Killed Harold
 12066 | Lair:1   | Entered Level 1 of the Lair of Beasts
 12100 | Lair:2   | Reached XP level 11. HP: 10/92 MP: 7/11
 12100 | Lair:2   | HP: 2/138 [blink frog (7)]
 12104 | Lair:2   | Slain by a blink frog

Illustrated notes

Levels and vault maps discovered:
D:1:      dpeg_arrival_renting, layout_rooms, minmay_misc_feat_alley
D:2:      minmay_angry_zag, layout_loops_ring, hex_medium, nrook_mini_vaults,
          chequers_jeans, grunt_ministairs_1, kennysheep_nub,
          kennysheep_generic_room_11
D:3:      layout_loops_ring, yredelemnul_forgotten_temple_becter,
          nicolae_qazlal_scattered_showers, basic_ecumenical_altar,
          minmay_goblin_outpost, uniq_crazy_yiuf_cottage
D:4:      layout_rooms, pdpol_wu_jian_five_deadly_venoms, serial_corexii_hall,
          corexii_hall_statues_s, chequers_hall_statues_wall_a,
          minmay_pentangle, uniq_ijyb
D:5:      layout_cave_pools, mainiacjoe_overflow_boulevard,
          minmay_temple_entry_proselytizer, hangedman_decor_clover_reticule,
          nicolae_take_the_stairs, uniq_menkaure
D:6:      layout_loops_corners, evilmike_ruin_ashenzari, bh_walls_and_bars
D:7:      layout_rooms, lemuel_crystal_altar, hangedman_glass_teeth, uniq_pikel
D:8:      layout_loops_ring, marbit_many_paths, mainiacjoe_overflow_chevrons
D:9:      layout_basic, dpeg_oklobed_lair, chequers_serial_rivers_room_b,
          uniq_erica
D:10:     layout_basic, trog_three_pillars_becter,
          mainiacjoe_overflow_tiny_flanked, doesnt_xom_only_xom,
          nicolae_elyvilon_temple_path, hiddenorc1_lemuel
D:11:     layout_rooms, serial_aquarium, aquarium_bridge_square
          [aquarium_subvault_bridge, aquarium_subvault_wall,
          aquarium_subvault_wall, aquarium_subvault_wall], aquarium_window_3,
          aquarium_window_1, aquarium_window_2, aquarium_view_2c,
          aquarium_view_2a, uniq_harold, uniq_sonja
Lair:1:   layout_cave_shapes, portal_ice_cave_entry_pillars_2, lemuel_fruit_tree
Lair:2:   layout_loops_ring, shoals_dummy_entry, gauntlet_entry_generic,
          mumra_transporter_accident, uniq_maggie

Skill      XL: |  1  2  3  4  5  6  7  8  9 10 11 |
---------------+----------------------------------+-----
Fighting       | 3 5 6 7 9 10 11 12 | 12.0
Polearms       | 5 9 12 | 12.0
Armour         | 2 5 7 |  7.9
Dodging        | 6 7 8 |  8.0
Evocations     | 4 5 |  5.0
Stealth        | 3 |  3.0
Throwing       | |  2.0

Action                   |  1- 3 |  4- 6 |  7- 9 | 10-12 || total
-------------------------+-------+-------+-------+-------++-------
Melee: Trident           |   133 |   251 |   232 |       ||   616
       Punch             |     2 |     7 |     7 |    11 ||    27
       Unarmed           |       |       |    10 |     2 ||    12
       Spear             |       |       |   123 |   574 ||   697
Throw: Stone             |       |       |     3 |       ||     3
Invok: Sacrifice Arcana  |       |     1 |       |       ||     1
       Sacrifice Courage |       |       |     1 |       ||     1
       Reject Sacrifices |       |       |     1 |       ||     1
       Sacrifice Essence |       |       |       |     2 ||     2
       Power Leap        |       |       |       |     1 ||     1
       Sacrifice Experie |       |       |       |     1 ||     1
       Draw Out Power    |       |       |       |     1 ||     1
Evoke: Wand              |       |       |       |    19 ||    19
  Use: Scroll            |       |     1 |     8 |     2 ||    11
       Potion            |       |       |     1 |     5 ||     6
 Stab: Sleeping          |     2 |     5 |     8 |     2 ||    17
       Distracted        |       |       |     1 |     2 ||     3
       Invisible         |       |       |       |     6 ||     6
Armor: Leather armour    |    31 |     9 |       |       ||    40
       Fire dragon scale |       |    99 |   135 |   201 ||   435
       Skin              |       |       |    97 |     9 ||   106
Dodge: Dodged            |    68 |   101 |   114 |   242 ||   525

Table legend: (Time is in decaauts)
 A = Elapsed time spent in this place.
 B = Non-inter-level travel time spent in this place.
 C = Inter-level travel time spent in this place.
 D = Time resting spent in this place.
 E = Time spent auto-exploring this place.
 F = Levels seen in this place.
 G = Mean time per level.
                   A        B        C        D        E       F      G
               +--------+--------+--------+--------+--------+-----+--------+
         Total |  11930 |  11386 |    544 |   1356 |   7650 |  13 |  917.7 |
       Dungeon |  11900 |  11356 |    544 |   1356 |   7650 |  11 | 1081.8 |
          Lair |     30 |     30 |      0 |      0 |      0 |   2 |   15.0 |
               +--------+--------+--------+--------+--------+-----+--------+

Top non-repeatable levels by time:
    D:10: 1575 daAuts
     D:9: 1432 daAuts
     D:4: 1319 daAuts
     D:8: 1186 daAuts
     D:6: 1159 daAuts
    D:11: 1057 daAuts
     D:7: 999 daAuts
     D:3: 968 daAuts
     D:2: 856 daAuts
     D:5: 770 daAuts
     D:1: 573 daAuts
  Lair:2: 19 daAuts
  Lair:1: 10 daAuts
